 Dungeon Crawl Stone Soup version 0.30.1-5-ged363bc7ee (webtiles) character file.

Game seed: 16504356567655106610

16 Kurtz the Chopper (level 2, -6/19 HPs)
             Began as a Tengu Fighter on Sept 19, 2023.
             Killed from afar by Sigmund (19 damage)
             ... with a bolt of dispelling energy
             ... on level 2 of the Dungeon.
             The game lasted 00:00:20 (331 turns).

Kurtz the Chopper (Tengu Fighter)                    Turns: 331, Time: 00:00:21

Health: -6/19      AC:  6    Str: 16    XL:     2   Next: 54%
Magic:  3/3        EV:  8    Int:  8    God:
Gold:   27         SH:  4    Dex: 13    Spells: 1/1 levels left

rFire   . . .        a - +0 war axe
rCold   . . .        c - +0 buckler
rNeg    . . .        b - +0 scale mail
rPois   .            (helmet restricted)
rElec   .            (no cloak)
rCorr   .            (no gloves)
SInv    .            (boots unavailable)
Will    .....        (no amulet) Stlth
                     (no ring)
HPRegen 0.23/turn    (no ring)
MPRegen 0.08/turn

%: no passive effects
@: mighty
A: beak, talons 3
a: no special abilities


You were on level 2 of the Dungeon.
You visited 1 branch of the dungeon, and saw 2 of its levels.

You collected 27 gold pieces.

Inventory:

Hand Weapons
 a - a +0 war axe (weapon)
Armour
 b - a +0 scale mail (worn)
 c - a +0 buckler (worn)
Scrolls
 e - a scroll of teleportation {unknown}
 g - a scroll of identify {unknown}
Potions
 f - 2 potions of curing {unknown}
 h - a potion of haste {unknown}


   Skills:
 - Level 3.0 Fighting
 * Level 3.4 Axes
 - Level 3.2 Armour
 - Level 3.0 Shields


You had one spell level left.
You didn't know any spells.
Your spell library contained the following spells:

 Spells                   Type           Power      Damage    Failure   Level
 Ozocubu's Armour         Ice            0%         N/A       99%         3
 Metabolic Englaciation   Hex/Ice        0%         N/A       100%        5
 Simulacrum               Ice/Necr       0%         N/A       100%        6


Dungeon Overview and Level Annotations

Branches:
Dungeon (2/15)

Altars:

Annotations:
D:2 Sigmund


Innate Abilities, Weirdness & Mutations

You have a beak for a mouth.
You have claws for feet.


Message History

The hobgoblin is almost dead.
The hobgoblin hits you but does no damage.
The hobgoblin closely misses you.
You barely miss the hobgoblin.
The hobgoblin is almost dead.
The hobgoblin barely misses you.
You hit the hobgoblin. Your peck misses the hobgoblin.
The hobgoblin is almost dead.
The hobgoblin barely misses you.
You closely miss the hobgoblin. You claw the hobgoblin.
You kill the hobgoblin!
No target in view!
No target in view!
No target in view!
No target in view!
No target in view!
Sigmund the Dreaded comes into view.
He is wielding a +0 scythe and carrying a wand of quicksilver (7).
Sigmund shouts!
You hear a bark! x3
Sigmund moves out of view.
You hear an angry hiss.
Sigmund and a jackal come into view.
Sigmund is wielding a +0 scythe and carrying a wand of quicksilver (7).
The jackal barks!
A jackal comes into view.
Sigmund casts a spell at you. The puff of flame hits you.
A hobgoblin comes into view.
A jackal comes into view.
Sorry, you're not good enough to have a special ability.
Okay, then.
You feel very mighty all of a sudden.
The hobgoblin shouts!
You hear an angry hiss.
Sigmund points at you and mumbles some strange words.
The magic dart hits you.
You slice Sigmund!! Your peck misses Sigmund.
Sigmund is severely wounded.
Sigmund zaps a wand.
The bolt of dispelling energy hits you!!
Your magical effects are unravelling.
Ouch! That really hurt!
You die...

.. ..# ... ..#.. ##
..h.#...# .#
.h#.#.... .g...#. ##
#h#.. .. #.# #.@.#.#
#.# #.#@$.# #.#
#...#.# #.#
#####.#...# #[#
#.......### #.#
#.###..##
##.#######.#.......
................####
.#########.....##
.## #....†..###


You could see Sigmund, 3 jackals and a hobgoblin.

Vanquished Creatures
  2 endoplasms
  2 hobgoblins (D:2)
  3 jackals (D:1)
  2 kobolds (D:2)
  A quokka (D:1)
  A ball python (D:1)
  A bat (D:1)
  A frilled lizard (D:1)
  A rat (D:2)
14 creatures vanquished.

Notes
Turn   | Place    | Note
-------+----------+-------------------------------------------
     0 | D:1      | Kurtz the Tengu Fighter began the quest for the Orb.
     0 | D:1      | Reached XP level 1. HP: 14/14 MP: 2/2
   109 | D:1      | Reached XP level 2. HP: 19/19 MP: 3/3
   328 | D:2      | Noticed Sigmund
   331 | D:2      | Killed from afar by Sigmund

Illustrated notes

Levels and vault maps discovered:
D:1:      dpeg_arrival_boxorama, layout_loops_ring
D:2:      layout_loops_ring, basic_altar, minmay_misc_feat_pillars, minivault_4,
          grunt_ministairs_2, nicolae_elevator_lobby_asterisk, uniq_sigmund

Skill      XL: |  1  2 |
---------------+-------+-----
Axes           | 3 |  3.4
Fighting       | |  3.0
Armour         | |  3.2
Shields        | |  3.0

Action                     || total
---------------------------++-------
  Melee: War axe           ||    25
         Kick              ||     7
         Peck              ||     2
    Use: Potion            ||     1
 Armour: Scale mail        ||    14
  Dodge: Dodged            ||    13
  Block: Buckler           ||     8
